 Dungeon Crawl Stone Soup version 0.29.1-13-g9f3cf754e1 (webtiles) character file.

Game seed: 10660275688426944307

46 MacCMillion the Caller (level 3, 0/21 HPs)
             Began as an Octopode Summoner on Feb 9, 2023.
             Slain by a hobgoblin (5 damage)
             ... led by Robin
             ... on level 4 of the Dungeon.
             The game lasted 00:03:59 (1632 turns).

MacCMillion the Caller (Octopode Summoner)          Turns: 1632, Time: 00:04:00

Health: 0/21       AC:  1    Str:  7    XL:     3   Next: 68%
Magic:  3/7        EV: 13    Int: 19    God:
Gold:   26         SH:  0    Dex: 12    Spells: 3/7 levels left

rFire   . . .      SeeInvis .   c - +0 dagger
rCold   . . .      Faith    .   (no shield)
rNeg    . . .      Spirit   .   (helmet restricted)
rPois   .          Reflect  .   (no amulet)
rElec   .          Harm     .   (no ring)
rCorr   .          Rampage  .   (no ring)
Will    .....                   (no ring)
Stlth   +++.......              (no ring)
HPRegen 0.07/turn               (no ring)
MPRegen 0.10/turn               (no ring)
                                (no ring)
                                (no ring)

@: no status effects
A: almost no armour, amphibious, 8 rings, camouflage 1, gelatinous body 1,
(nimble swimmer 1), tentacles
a: no special abilities


You were on level 4 of the Dungeon.
You visited 1 branch of the dungeon, and saw 3 of its levels.

You collected 65 gold pieces.
You spent 39 gold pieces at shops.

Inventory:

Hand Weapons
 c - a +0 dagger (weapon)
Wands
 h - a wand of quicksilver (3)
Scrolls
 e - a scroll of noise
Potions
 a - a potion of magic
 b - a potion of might
 d - 2 potions of curing
 i - a potion of heal wounds


   Skills:
 - Level 2.0 Dodging
 - Level 2.6 Stealth
 + Level 2.9 Spellcasting
 + Level 4.6 Summonings


You had 3 spell levels left.
You knew the following spells:

 Your Spells              Type           Power      Damage    Failure   Level
a - Summon Small Mammal   Summ           80%        N/A       2%          1
b - Call Canine Familiar  Summ           20%        N/A       7%          3

Your spell library contained the following spells:

 Spells                   Type           Power      Damage    Failure   Level
 Call Imp                 Summ           20%        N/A       3%          2
 Foxfire                  Conj/Fire      8%         2x1d4     16%         1
 Summon Guardian Golem    Hex/Summ       11%        N/A       17%         3
 Poisonous Vapours        Pois/Air       4%         N/A       24%         2
 Conjure Flame            Conj/Fire      2%         6-21      43%         3
 Inner Flame              Hex/Fire       2%         N/A       43%         3
 Summon Lightning Spire   Summ/Air       11%        N/A       50%         4
 Corpse Rot               Necr/Pois/Air  2%         N/A       83%         4
 Flame Wave               Conj/Fire      2%         2d4       83%         4


Dungeon Overview and Level Annotations

Branches:
Dungeon (2/15)

Altars:

Shops:
D:1 [![:


Innate Abilities, Weirdness & Mutations

You cannot wear most types of armour.
You are amphibious.
You can wear up to eight rings at the same time.
Your skin changes colour to match your surroundings (Stealth+).
Your rubbery body absorbs attacks. (AC +1, EV +1)
((You are camouflaged when in or above water. (Stealth+)))
You have tentacles for arms and can constrict up to eight enemies at once.


Message History

Okay, then.
Okay, then.
Unknown command.
Your hound barely misses Robin.
Your quokka barely misses Robin.
A hobgoblin comes into view.
The hobgoblin hits your hound. The goblin misses your quokka.
Robin throws the goblin at you!
Your hound barely misses Robin.
You hit the goblin. Your grab misses the goblin.
Your squeeze misses the goblin.
The goblin is severely wounded.
Your quokka barely misses Robin.
Your hound bites Robin but does no damage.
The hobgoblin misses your hound. The goblin hits you with a +0 club!
Robin throws the goblin at you!
Your quokka bites Robin.
Unknown command.
The goblin attacks as you move away! The goblin misses you.
Your hound bites Robin.
The hobgoblin closely misses your quokka.
Robin closely misses your hound.
Your quokka bites the goblin.
The goblin dies!
Your quokka barely misses Robin.
Your hound bites Robin.
Your hound barely misses Robin.
Robin throws the goblin at your hound! The hobgoblin closely misses you.
The hobgoblin misses your quokka.
Your quokka bites Robin but does no damage.
The goblin attacks as you move away!
The goblin unwields a +0 sling.
The goblin wields a +0 club.
The goblin hits you with a +0 club.
* * * LOW HITPOINT WARNING * * *
Your hound bites Robin but does no damage.
Your quokka bites the goblin.
Your quokka barely misses Robin.
Robin hits your hound with a +0 mace. The hobgoblin hits your quokka.
The hobgoblin closely misses your quokka.
The hobgoblin barely misses you.
The goblin unwields a +0 club.
The goblin wields a +0 sling.
The goblin shoots a sling bullet.
The sling bullet barely misses you.
Your hound bites Robin.
Robin dies!
Unknown command.
Your quokka closely misses the goblin.
Your quokka barely misses the hobgoblin.
The hobgoblin hits you.
You die...

....# ......# ......#
...... ..... ..... #....
########'######+####....
#.†...............##....
#....g.@..........##....
#..r..rg................
#...gg)g.......(........
#.)..hg...).............
########..###..g..##....
##..##########....
#.....# ..... #.....#
..S... #.....# g......


You could see 4 hobgoblins, 2 goblins, a friendly hound (summoned) and 2
friendly quokkas.

Vanquished Creatures
  A goblin (D:4)
  A quokka (D:2)
  A ball python (D:4)
3 creatures vanquished.

Vanquished Creatures (collateral kills)
  Robin (D:4)
  An adder (D:4)
  A worm (D:4)
  2 ball pythons
  An endoplasm (D:4)
  2 goblins (D:4)
  5 hobgoblins
  2 kobolds
  A bat (D:1)
  2 frilled lizards
  3 rats (D:1)
21 creatures vanquished.

Grand Total: 24 creatures vanquished

Notes
Turn   | Place    | Note
-------+----------+-------------------------------------------
     0 | D:1      | MacCMillion the Octopode Summoner began the quest for the
                  | Orb.
     0 | D:1      | Reached XP level 1. HP: 11/11 MP: 3/3
   121 | D:1      | Found Curutiela's Book Boutique.
   439 | D:1      | Found Pypo's Distillery.
   473 | D:1      | Bought a potion of curing for 39 gold pieces
   516 | D:1      | Reached XP level 2. HP: 17/17 MP: 1/5
   615 | D:1      | Found Peneniot's Antique Armour Boutique.
   709 | D:1      | Found Ciqacs's Armour Emporium.
  1048 | D:2      | You fall into a shaft and drop 2 floors!
  1461 | D:4      | Reached XP level 3. HP: 21/21 MP: 4/7
  1466 | D:4      | Learned a level 3 spell: Call Canine Familiar
  1607 | D:4      | Noticed Robin
  1631 | D:4      | Killed Robin
  1632 | D:4      | Slain by a hobgoblin

Illustrated notes

Levels and vault maps discovered:
D:1:      kennysheep_arrival_forest, layout_rooms, serial_shops, shop,
          nicolae_diamond_shop, nicolae_shop_behind_doors,
          nicolae_shop_hallway_stairs
D:2:      layout_loops_ring
D:4:      layout_gridville, uniq_ijyb, uniq_robin, uniq_edmund

Action                   || total
-------------------------++-------
Melee: Unarmed           ||    12
       Constrict         ||     3
       Tentacles         ||     3
       Dagger            ||     4
 Cast: Summon Small Mamm ||    45
       Call Canine Famil ||     1
  Use: Scroll            ||     5
Armor: Skin              ||     1
Dodge: Dodged            ||    10
